 Dungeon Crawl Stone Soup version 0.19.1 (webtiles) character file.

62 dvd the Digger (level 3, -3/26 HPs)
             Began as a Demigod Earth Elementalist on Nov 24, 2016.
             Slain by a goblin
             ... wielding a +0 club
             ... led by Robin
              (7 damage)
             ... on level 2 of the Dungeon.
             The game lasted 00:03:24 (1044 turns).

dvd the Digger (Demigod Earth Elementalist)         Turns: 1044, Time: 00:03:25

Health: -3/26      AC:  3    Str: 13    XL:     3   Next: 60%
Magic:  1/9        EV: 13    Int: 19    God:
Gold:   74         SH:  0    Dex: 16    Spells: 1 memorised, 6 levels left

rFire  . . .     SeeInvis .     b - 21 stones
rCold  . . .     Gourm    .     c - +0 robe
rNeg   . . .     Faith    .     (no shield)
rPois  .         Spirit   .     p - +1 hat
rElec  .         Reflect  .     (no cloak)
rCorr  +         Harm     .     (no gloves)
MR     .....                    (no boots)
Stlth  ++........               (no amulet)
                                (no ring)
                                h - ring of resist corrosion

@: no status effects
A: high mp 1
a: no special abilities


You were on level 2 of the Dungeon.
You were not hungry.

You visited 1 branch of the dungeon, and saw 2 of its levels.

You collected 74 gold pieces.

Inventory:

Hand Weapons
 r - a +0 dagger
Missiles
 b - 21 stones (in hand)
Armour
 c - a +0 robe (worn)
 p - a +1 hat (worn)
Jewellery
 h - a ring of resist corrosion (left hand)
Scrolls
 a - a scroll of enchant weapon {unknown}
 f - a scroll of identify {unknown}
 j - a scroll of fog {unknown}
 k - 2 scrolls of noise {unknown}
 m - a scroll of random uselessness {unknown}
 o - 2 scrolls of amnesia {unknown}
 t - a scroll of magic mapping {unknown}
Potions
 g - 2 potions of curing {unknown}
 n - 2 potions of brilliance {unknown}
 q - a potion of mutation {unknown}
 s - a potion of degeneration {unknown}
Books
 e - a book of Geomancy

   Spells                             Type                      Level
   a - Sandblast                      Earth                        1
   b - Passwall                       Transmutation/Earth          2
   c - Stone Arrow                    Conjuration/Earth            3
   d - Petrify                        Transmutation/Earth          4
   e - Lee's Rapid Deconstruction     Earth                        5
Comestibles
 d - a bread ration
 i - 3 chunks of flesh
 l - a slice of pizza


   Skills:
 + Level 2.0 Dodging
 + Level 1.9 Stealth
 + Level 2.5 Spellcasting
   Level 0.8 Transmutations
 + Level 3.6 Earth Magic


You had 6 spell levels left.
You knew the following spells:

 Your Spells              Type           Power        Failure   Level  Hunger
a - Sandblast             Erth           ###...       4%          1    #......


Dungeon Overview and Level Annotations

Branches:
Dungeon (2/15)

Annotations:
D:2 Robin


Innate Abilities, Weirdness & Mutations

You have an increased reservoir of magic. (+10% MP)


Message History

Aim: Robin, wielding a short sword, wearing an animal skin and wearing a helmet The rocky blast hits the goblin.
You kill the goblin!
The goblin hits you with a club. The goblin hits you with a dagger.
The goblin hits you but does no damage.
Unknown command.
Casting: Sandblast
Confirm with . or Enter, or press ? or * to list all spells.
Aiming: Sandblast
Press: ? - help, Shift-Dir - straight line, f - goblin
Aim: a goblin, wielding a dagger (unusually strong)
The rocky blast hits the goblin.
You kill the goblin!
The goblin hits you with a club!
* * * LOW HITPOINT WARNING * * *
The goblin hits you but does no damage.
A goblin comes into view. It is wielding a dagger.
Unknown command.
The goblin hits you with a club!
You die...

..###
#...P.♣♣......#..........♣
#...#
#...............#........P
###.#
#..........#.####.........
..#.####......♣.♣♣♣.#
#.......##
#.............♣P..♣♣#
#.......#
###....#......♣♣♣P.♣
#########
..............♣♣P..♣
######.#......♣P.♣.♣
#.##.##.#♣.@♣♣♣
#.#..##.#♣♣g.♣
#...###...♣♣♣g♣ ##..#
#####


gg. ##.# ..... #.# ....g.. #.# ....... ### ...###. #### You could see Robin and
4 goblins.

Vanquished Creatures
  An adder (D:2)
  2 dart slugs (D:1)
  3 leopard geckos
  A ball python (D:2)
  2 bats (D:2)
  14 goblins
  4 hobgoblins
  5 jackals (D:2)
  2 frilled lizards
  5 rats
39 creatures vanquished.

Notes
Turn   | Place    | Note
-------+----------+-------------------------------------------
     0 | D:1      | dvd the Demigod Earth Elementalist began the quest for the Orb.
     0 | D:1      | Reached XP level 1. HP: 14/14 MP: 5/5
    71 | D:1      | Reached skill level 3 in Earth Magic
   156 | D:1      | Reached XP level 2. HP: 16/20 MP: 2/7
   733 | D:2      | Reached XP level 3. HP: 22/26 MP: 1/8
  1035 | D:2      | Noticed Robin
  1044 | D:2      | Slain by a goblin

Skill      XL: |  1  2 |
---------------+-------+-----
Earth Magic    | 3 |  3.6
Dodging        | 2 |  2.0
Spellcasting   | 2 |  2.5
Stealth        | |  1.9
Transmutations | |  0.8

Action                   || total
-------------------------++-------
Melee: Dagger            ||    12
 Cast: Sandblast         ||    45
  Eat: Chunk             ||     1
Armor: Robe              ||    15
Dodge: Dodged            ||    40
